Map: Deathaura LE

Players

Nice - Winner!

  • Race: Protoss Protoss
  • League: Master
  • Spawn Location: 5:00

NORTHAMERICA

  • Race: Protoss Protoss
  • League: Grandmaster
  • Spawn Location: 11:00

VOD

Have the link to the VOD?

Description

Time

  • Played on: March 13, 2021, 2:14 a.m.
  • Length: 5:34
Show
View Real Time Build Order
Export as new Build Order

Nice Protoss - Winner!

Build Orders: Oracle Opening 

Get SALT Encoding   

  12  0:00  Probe  
  13  0:12  Probe  
  14  0:16  Pylon  
  14  0:24  Probe (Chrono Boost)  
  16  0:36  Probe (Chrono Boost)  
  16  0:38  Gateway  
  16  0:41  Probe (Chrono Boost)  
  16  0:45  Assimilator  
  17  0:52  Probe  
  17  0:55  Assimilator  
  18  1:04  Probe (Chrono Boost)  
  19  1:09  Gateway  
  19  1:13  Probe (Chrono Boost)  
  20  1:18  Probe (Chrono Boost)  
  20  1:25  Cybernetics Core  
  21  1:30  Probe  
  22  1:37  Pylon  
  22  1:42  Probe  
  23  1:55  Probe  
  24  2:03  Stargate  
  24  2:06  Adept x2  
  28  2:12  Pylon  
  28  2:14  Warp Gate  
  28  2:36  Adept x2  
  31  2:43  Shield Battery  
  31  2:48  Oracle (Chrono Boost)  
  34  3:07  Nexus  
  34  3:16  Oracle (Chrono Boost)  
  37  3:23  Pylon  
  37  3:40  Probe  
  38  3:52  Probe  
  39  4:04  Probe  
  39  4:05  Void Ray  
  37  4:19  Probe (Chrono Boost)  
  37  4:20  Probe (Chrono Boost)  
  37  4:23  Stalker x2  
  46  4:30  Probe (Chrono Boost)  
  46  4:32  Probe (Chrono Boost)  
  46  4:35  Pylon, Probe (Chrono Boost)  
  47  4:40  Probe  
  47  4:42  Void Ray  
  48  4:47  Probe  
  48  4:51  Pylon  
  48  4:52  Probe  
  54  4:59  Probe  
  55  5:04  Probe  
  56  5:10  Stalker x2  
  56  5:14  Shield Battery  
  60  5:16  Shield Battery x2  
  60  5:17  Probe x2  
Show
View Real Time Build Order
Export as new Build Order

NORTHAMERICA Protoss 

Build Orders:  

Get SALT Encoding   

  12  0:00  Probe  
  13  0:12  Probe  
  14  0:17  Pylon  
  14  0:24  Probe  
  15  0:37  Probe (Chrono Boost), Gateway  
  16  0:47  Assimilator, Probe (Chrono Boost)  
  17  0:51  Probe (Chrono Boost)  
  18  0:58  Assimilator  
  18  1:03  Probe (Chrono Boost)  
  19  1:13  Probe (Chrono Boost)  
  19  1:15  Gateway  
  19  1:18  Probe (Chrono Boost)  
  21  1:26  Cybernetics Core  
  21  1:29  Probe  
  22  1:36  Pylon  
  22  1:41  Probe  
  23  1:54  Probe  
  24  2:03  Warp Gate, Stalker x2  
  28  2:13  Pylon  
  28  2:20  Shield Battery  
  28  2:36  Robotics Facility  
  28  2:47  Nexus  
  28  2:53  Sentry  
  28  2:54  Sentry  
  32  3:00  Probe  
  33  3:09  Shield Battery  
  33  3:14  Shield Battery  
  33  3:23  Shield Battery  
  33  3:26  Immortal (Chrono Boost)  
  33  3:33  Probe  
  38  3:41  Pylon  
  37  3:55  Stalker x2  
  35  4:07  Warp Prism (Chrono Boost)  
  35  4:23  Sentry x2  
  33  5:01  Stalker  
  28  5:07  Stalker  
Tags
 
Matchup
PvP
Player
Nice
Spawn Locations
Cross Positions
Add a new tag
Caveats
  • Supply blocks, unpowered buildings, or Contaminate may cause inaccurate times.
  • Supply counts are checked every 10 seconds.